[Event "Titled Tuesday Blitz June 27 Late 2023"]
[White "Morefield, Jason"]
[Black "Bernado Lopez, Roger"]
[WhiteFideId "30920825"]
[BlackFideId "24585009"]
[WhiteElo "2769"]
[BlackElo "2350"]
[Result "1-0"]
[Round "3"]
[TimeControl "180+2"]
[Date "2023.06.27"]
[WhiteClock "0:00:07"]
[BlackClock "0:00:03"]
[Board "42"]

1. d4 d5 2. c4 e6 3. Nc3 h6 4. cxd5 exd5 5. Bf4 Nf6 6. e3 Bf5 7. Qb3 Bc8 8. Rc1 c6 9. Nf3 Bd6 10. Bxd6 Qxd6 11. Ne5 O-O 12. Bd3 Nbd7 13. f4 c5 14. Nb5 Qe7 15. Qa3 b6 16. O-O Bb7 17. Bf5 Rfd8 18. Rfd1 a6 19. Nc3 b5 20. Qa5 c4 21. b4 Nf8 22. a4 g6 23. Bh3 bxa4 24. Nxa4 Ne4 25. Nc5 Nxc5 26. Qxc5 Qxc5 27. bxc5 f6 28. Nf3 Bc6 29. Rb1 Bb5 30. Rdc1 Kf7 31. Kf2 f5 32. Ng1 Nd7 33. g3 Nf6 34. Bg2 Re8 35. h3 h5 36. Ne2 Rab8 37. Nc3 Bc6 38. Bf3 a5 39. Ra1 Ra8 40. Rcb1 a4 41. Rb6 Rec8 42. Rxc6 Rxc6 43. Nxd5 Rcc8 44. Nb6 Rab8 45. Nxc8 Rxc8 46. Rxa4 c3 47. Rc4 Rb8 48. Rxc3 Rb2+ 49. Ke1 Rb1+ 50. Kd2 Rb2+ 51. Rc2 Rb3 52. c6 Rb8 53. c7 Rc8 54. Bb7 1-0


[Site "https://www.chess.com"]

[Event "Titled Tuesday Blitz June 27 Late 2023"]
[White "Grischuk, Alexander"]
[Black "Fernandez, Daniel"]
[WhiteFideId "4126025"]
[BlackFideId "2015390"]
[WhiteElo "3018"]
[BlackElo "2718"]
[Result "1-0"]
[Round "3"]
[TimeControl "180+2"]
[Date "2023.06.27"]
[WhiteClock "0:02:00"]
[BlackClock "0:00:09"]
[Board "43"]

1. e4 c5 2. Nc3 a6 3. Nf3 d6 4. g3 b5 5. d4 cxd4 6. Nxd4 Bb7 7. Bg2 Nf6 8. O-O e6 9. Re1 Nbd7 10. a4 b4 11. Nd5 a5 12. Bg5 h6 13. Bxf6 Nxf6 14. Nxf6+ gxf6 15. Qh5 Ke7 16. Nf5+ Ke8 17. Nd4 Ke7 18. e5 Bxg2 19. Kxg2 Qd7 20. exd6+ Kd8 21. Qf3 Rc8 22. Qxf6+ 1-0


[Site "https://www.chess.com"]

[Event "Titled Tuesday Blitz June 27 Late 2023"]
[White "Cugimura97"]
[Black "Xiong, Jeffery"]
[BlackFideId "2047640"]
[WhiteElo "2698"]
[BlackElo "2928"]
[Result "1/2-1/2"]
[Round "3"]
[TimeControl "180+2"]
[Date "2023.06.27"]
[WhiteClock "0:01:14"]
[BlackClock "0:00:32"]
[Board "44"]

1. d4 d5 2. c4 e6 3. Nc3 Nf6 4. cxd5 exd5 5. Bg5 c6 6. e3 Bd6 7. Bd3 O-O 8. Nf3 Be6 9. O-O Nbd7 10. Rc1 h6 11. Bh4 a5 12. Bg3 Qe7 13. Qc2 Rfe8 14. Na4 Rac8 15. Bxd6 Qxd6 16. Nc5 b6 17. Nxd7 Nxd7 18. Qd2 Qb4 19. Rc2 c5 20. dxc5 bxc5 21. a3 Qxd2 22. Nxd2 c4 23. Be2 Rb8 24. Nf3 Rb6 25. Nd4 Reb8 26. Rb1 Nc5 27. f4 Bd7 28. Bf3 Ba4 29. Rc3 Rxb2 30. Rxb2 Rxb2 31. Bxd5 1/2-1/2


[Site "https://www.chess.com"]

[Event "Titled Tuesday Blitz June 27 Late 2023"]
[White "Janaszak, Dawid"]
[Black "Ter-Sahakyan, Samvel"]
[WhiteFideId "1119206"]
[BlackFideId "13302531"]
[WhiteElo "2572"]
[BlackElo "2904"]
[Result "0-1"]
[Round "3"]
[TimeControl "180+2"]
[Date "2023.06.27"]
[WhiteClock "0:00:00"]
[BlackClock "0:00:41"]
[Board "45"]

1. e4 c5 2. Nc3 d6 3. f4 g6 4. Nf3 Bg7 5. Bc4 Nc6 6. O-O e6 7. d4 cxd4 8. Nb5 a6 9. Nbxd4 Nf6 10. Nxc6 bxc6 11. e5 Nd5 12. Qe1 O-O 13. Kh1 a5 14. b3 Nb4 15. Rf2 Bb7 16. Bb2 c5 17. c3 Nd5 18. Qd2 Qb6 19. Re1 Rfd8 20. Qc1 a4 21. Ng5 a3 22. Ba1 Nc7 23. Qe3 d5 24. Bf1 d4 25. cxd4 cxd4 26. Qh3 h6 27. Nf3 d3 28. Rd2 Ba6 29. Red1 Nd5 30. Qg3 Ne3 31. Re1 Nc2 32. Red1 Qe3 33. Qf2 Qxf4 34. Bxd3 Rxd3 35. Rxd3 Bxd3 36. Rxd3 Nxa1 37. g3 Qe4 38. Rd4 Qb7 39. Kg1 Nxb3 40. Rd1 Na5 41. Nd4 Nc4 42. Nb3 Nxe5 43. Nc5 Qf3 0-1


[Site "https://www.chess.com"]

[Event "Titled Tuesday Blitz June 27 Late 2023"]
[White "Bordi, Kevin"]
[Black "David, Bogdan-Emanuel"]
[WhiteFideId "621862"]
[BlackFideId "1229907"]
[WhiteElo "2854"]
[BlackElo "2567"]
[Result "1-0"]
[Round "3"]
[TimeControl "180+2"]
[Date "2023.06.27"]
[WhiteClock "0:00:37"]
[BlackClock "0:00:00"]
[Board "46"]

1. e4 c5 2. Nf3 Nc6 3. Bc4 e6 4. O-O a6 5. Re1 b5 6. Bf1 Be7 7. a4 b4 8. d4 cxd4 9. Nxd4 Bb7 10. Nxc6 Bxc6 11. Nd2 d5 12. exd5 Qxd5 13. Nc4 Qxd1 14. Rxd1 Nf6 15. Nb6 Rd8 16. Rxd8+ Bxd8 17. a5 Bb7 18. Bd2 Be7 19. Ra4 Bc6 20. Ra1 Bb7 21. Rd1 O-O 22. Be3 Nd5 23. Nxd5 exd5 24. Bb6 Rc8 25. Bd3 Bf6 26. b3 Bc3 27. f3 g6 28. h4 f5 29. Kf2 Kf7 30. g4 fxg4 31. fxg4 Ke6 32. Kg3 Rf8 33. Rf1 Rxf1 34. Bxf1 Ke5 35. Bd3 Be1+ 36. Kh3 Kf4 37. Bc7+ Ke3 38. h5 gxh5 39. gxh5 Bc8+ 40. Kg2 h6 41. Bd6 Kd4 42. Kf3 Bd2 43. Ke2 Bc3 44. Bf4 Bg4+ 45. Kf2 Bxh5 46. Bxa6 Kc5 47. Bd3 Bg4 48. Bxh6 Bc8 49. Bf8+ Kc6 50. Ke3 Be5 51. Bxb4 Bc7 52. Kd4 Bd8 53. Ke5 Bc7+ 54. Kd4 Bd8 55. Ke3 Bg5+ 56. Ke2 Bf6 57. Be1 Bd8 58. b4 Bb7 59. b5+ Kc5 60. a6 Bc8 61. Bf2+ Kb4 62. b6 Bxb6 63. Bxb6 Bg4+ 64. Kd2 Bc8 65. a7 Bb7 66. Bd4 Ka4 67. c3 Kb3 68. Ke3 Ka4 69. Kf4 Ka5 70. Ke5 Ba8 71. Kd6 Ka4 72. Kc7 Ka5 73. Bc5 Bb7 74. Kxb7 1-0


[Site "https://www.chess.com"]

[Event "Titled Tuesday Blitz June 27 Late 2023"]
[White "Hamidi, Amir Mohammad"]
[Black "Ladron De Guevara Pinto, Paolo"]
[WhiteFideId "12563285"]
[BlackFideId "2290847"]
[WhiteElo "2836"]
[BlackElo "2556"]
[Result "1-0"]
[Round "3"]
[TimeControl "180+2"]
[Date "2023.06.27"]
[WhiteClock "0:01:19"]
[BlackClock "0:00:00"]
[Board "47"]

1. d4 d6 2. c4 e5 3. Nc3 exd4 4. Qxd4 Nc6 5. Qd2 Nf6 6. b3 g6 7. Bb2 Bg7 8. g3 O-O 9. Bg2 Re8 10. Nf3 Bf5 11. O-O Ne4 12. Nxe4 Bxe4 13. Bxg7 Kxg7 14. Nd4 Bxg2 15. Kxg2 Qf6 16. Nb5 Re7 17. Nc3 Qd4 18. Rfd1 Qxd2 19. Rxd2 Rae8 20. e3 f5 21. Nd5 Rd7 22. Rc1 Ne7 23. h3 Nxd5 24. cxd5 Kf6 25. Rdc2 Ree7 26. Kf3 Ke5 27. Rd2 h5 28. h4 Kf6 29. Rc4 Re5 30. Ra4 a6 31. Rc4 Ree7 32. a4 a5 33. Rcd4 Re5 34. Rc2 Re8 35. Ke2 Ke7 36. Kf3 Kf6 37. Rc3 Ree7 38. Ke2 Re5 39. Kd3 Ke7 40. Kc4 c6 41. f4 cxd5+ 42. Kb5 Re4 43. Kxa5 Ke6 44. Kb6 Re7 45. a5 Kf7 46. Rcd3 Rxe3 47. Rxd5 Rxd3 48. Rxd3 Re4 49. Kxb7 Rb4+ 50. Kc6 Ke6 51. Rxd6+ Ke7 52. Rd3 Rb8 53. a6 Rc8+ 54. Kb7 1-0


[Site "https://www.chess.com"]

[Event "Titled Tuesday Blitz June 27 Late 2023"]
[White "Czerw, Dawid"]
[Black "Perez Ponsa, Federico"]
[WhiteFideId "1145746"]
[BlackFideId "117927"]
[WhiteElo "2504"]
[BlackElo "2794"]
[Result "0-1"]
[Round "3"]
[TimeControl "180+2"]
[Date "2023.06.27"]
[WhiteClock "0:00:07"]
[BlackClock "0:00:16"]
[Board "48"]

1. e4 c5 2. Nf3 d6 3. d4 cxd4 4. Nxd4 Nf6 5. Nc3 a6 6. h4 e6 7. h5 Nc6 8. Nxc6 bxc6 9. e5 dxe5 10. Qxd8+ Kxd8 11. Na4 Rb8 12. a3 Kc7 13. Bd2 c5 14. Bc3 Bd6 15. O-O-O Rb5 16. Bxb5 axb5 17. Ba5+ Kc6 18. Nc3 b4 19. axb4 cxb4 20. Na4 Nd5 21. c4 bxc3 22. Nxc3 Ba6 23. Rh3 Ra8 24. Nxd5 exd5 25. Rc3+ Bc4 26. b3 Rxa5 27. bxc4 d4 28. Rf3 e4 29. Rxf7 Ra1+ 30. Kc2 d3+ 31. Rxd3 Ra2+ 32. Kc3 Ra3+ 33. Kd4 exd3 34. Ke3 Bc5+ 35. Kd2 Bb4+ 36. Ke3 d2+ 37. Ke2 Ra1 0-1


[Site "https://www.chess.com"]

[Event "Titled Tuesday Blitz June 27 Late 2023"]
[White "Tsaruk, Maksim"]
[Black "Lowinger, Daniel"]
[WhiteFideId "13511173"]
[BlackFideId "2005557"]
[WhiteElo "2782"]
[BlackElo "2397"]
[Result "1-0"]
[Round "3"]
[TimeControl "180+2"]
[Date "2023.06.27"]
[WhiteClock "0:00:04"]
[BlackClock "0:00:00"]
[Board "49"]

1. e4 e5 2. Nf3 Nc6 3. Bb5 a6 4. Ba4 d6 5. O-O Bd7 6. c3 Nge7 7. d4 Ng6 8. Re1 Be7 9. d5 Nb8 10. c4 O-O 11. Nc3 h6 12. Be3 Bg5 13. Nxg5 hxg5 14. Bxd7 Nxd7 15. Qg4 Nf4 16. g3 Nf6 17. Qd1 Nh3+ 18. Kg2 Qd7 19. c5 g6 20. Qa4 Qc8 21. Rac1 Kg7 22. f3 Rh8 23. Rh1 Nf4+ 24. gxf4 gxf4 25. Bxf4 Qh3+ 26. Kf2 exf4 27. cxd6 cxd6 28. Qd4 Rae8 29. Rcg1 Re5 30. Ke2 Nd7 31. Nd1 Nc5 32. Nf2 Qh5 33. Ng4 f6 34. Nxe5 fxe5 35. Qc4 b5 36. Qc2 Qh3 37. b4 Nd7 38. Qc7 Rf8 39. Qxd6 Rf6 40. Qe7+ Rf7 41. Qe6 Nf6 42. Qxh3 1-0


[Site "https://www.chess.com"]

[Event "Titled Tuesday Blitz June 27 Late 2023"]
[White "Andersson, Bjorn 1971"]
[Black "Wieczorek, Oskar"]
[WhiteFideId "1702114"]
[BlackFideId "1133950"]
[WhiteElo "2345"]
[BlackElo "2719"]
[Result "0-1"]
[Round "3"]
[TimeControl "180+2"]
[Date "2023.06.27"]
[WhiteClock "0:00:08"]
[BlackClock "0:00:08"]
[Board "50"]

1. e4 c5 2. Nf3 e6 3. d4 cxd4 4. Nxd4 Nf6 5. Nc3 d6 6. Be2 Nc6 7. O-O Be7 8. Nb3 O-O 9. Kh1 a6 10. f4 b5 11. Bf3 Bb7 12. a4 b4 13. Ne2 Qc7 14. g4 d5 15. e5 Ne4 16. Ned4 Nxd4 17. Nxd4 Bc5 18. Be3 Qe7 19. Qe2 f6 20. Bxe4 dxe4 21. c3 fxe5 22. fxe5 bxc3 23. bxc3 Rf3 24. Rxf3 exf3 25. Qf2 Rf8 26. Kg1 h5 27. gxh5 Bxd4 28. cxd4 Qf7 29. h3 Qxh5 30. Kh2 Be4 31. Rg1 Rc8 32. Rc1 Rb8 33. Rc7 Bf5 34. Qg3 Rb2+ 35. Bf2 Bg6 36. h4 Qf5 37. Rc3 Bh5 38. Rc7 Bg4 39. Rc8+ Kh7 40. Rc1 Re2 41. Kg1 Re4 42. Rc7 Re2 43. Rc1 Ra2 44. Rc7 Rxa4 45. Kh2 Ra2 46. Kg1 Ra1+ 47. Kh2 Ra2 48. Kg1 Re2 49. Kh2 Re4 50. d5 exd5 51. e6 Qxe6 52. Rc3 Qe5 53. Qxe5 Rxe5 54. Kg3 Bh5 55. Rc6 a5 56. Ra6 Re4 57. Rd6 Rg4+ 58. Kxf3 Rg6+ 59. Kf4 Rxd6 60. Kf5 Rf6+ 61. Kg5 Rxf2 62. Kxh5 a4 63. Kg5 a3 64. h5 a2 65. h6 a1=Q 66. hxg7 Qxg7+ 0-1


[Site "https://www.chess.com"]

[Event "Titled Tuesday Blitz June 27 Late 2023"]
[White "Remolar Gallen, Jose"]
[Black "He, Anthony"]
[WhiteFideId "2215187"]
[BlackFideId "2088215"]
[WhiteElo "2456"]
[BlackElo "2993"]
[Result "0-1"]
[Round "3"]
[TimeControl "180+2"]
[Date "2023.06.27"]
[WhiteClock "0:00:00"]
[BlackClock "0:00:17"]
[Board "51"]

1. e4 c5 2. Nf3 Nc6 3. Bb5 g6 4. O-O Bg7 5. Re1 e5 6. a4 Nge7 7. Nc3 O-O 8. Nd5 d6 9. c3 Nxd5 10. exd5 Ne7 11. d4 exd4 12. cxd4 Nxd5 13. Bg5 Nf6 14. dxc5 dxc5 15. Qc2 Qc7 16. Rac1 b6 17. b4 Bf5 18. Qb3 Ne4 19. Be3 Rac8 20. Nd4 cxd4 21. Rxc7 dxe3 22. f3 Rxc7 23. fxe4 Bxe4 24. Qxe3 f5 25. Rd1 Rfc8 26. Ba6 Rf8 27. Qf4 Rc2 28. Rd7 Rxg2+ 29. Kf1 Rc2 30. Qd6 Rc1+ 31. Ke2 Rc2+ 32. Kd1 Bf6 33. Qe6+ Kh8 34. Bc4 Rxc4 35. Qxc4 Bg7 36. Qc7 Rg8 37. Qxa7 f4 38. Qxb6 f3 39. Qe3 Bc6 40. Rc7 Bxa4+ 41. Ke1 Rf8 42. Kf2 Bf6 43. Rc5 Bh4+ 44. Kf1 f2 45. Qc3+ Bf6 46. Qe3 Bg7 47. Rc7 Bb5+ 0-1


[Site "https://www.chess.com"]

[Event "Titled Tuesday Blitz June 27 Late 2023"]
[White "Makarian, Rudik"]
[Black "Kuzmin, Roman"]
[WhiteFideId "44105681"]
[BlackFideId "44134932"]
[WhiteElo "2942"]
[BlackElo "2531"]
[Result "1-0"]
[Round "3"]
[TimeControl "180+2"]
[Date "2023.06.27"]
[WhiteClock "0:00:19"]
[BlackClock "0:00:02"]
[Board "52"]

1. d4 Nf6 2. c4 e6 3. Nf3 d5 4. g3 Nbd7 5. Bg2 Be7 6. O-O O-O 7. Nc3 dxc4 8. a4 Nd5 9. e4 Nxc3 10. bxc3 c5 11. Qe2 cxd4 12. cxd4 Nf6 13. Rd1 b6 14. Ne5 Bb7 15. Nxc4 Rc8 16. Ne5 Bb4 17. Bg5 Rc7 18. Ng4 Be7 19. Bxf6 Bxf6 20. e5 Be7 21. Bxb7 Rxb7 22. Qe4 Rd7 23. Ne3 Qa8 24. Qxa8 Rxa8 25. d5 exd5 26. Rxd5 Rxd5 27. Nxd5 Bc5 28. Kg2 Rd8 29. Rd1 Kf8 30. f4 a6 31. Kf3 b5 32. axb5 axb5 33. Ke4 Ra8 34. Rc1 Ra4+ 35. Kf5 Rc4 36. Ra1 Ra4 37. Rb1 g6+ 38. Kg5 b4 39. Rc1 Ra5 40. Rb1 Kg7 41. Kg4 h5+ 42. Kf3 Ra2 43. Rc1 Bf8 44. Rc7 b3 45. e6 b2 46. Rxf7+ Kh6 47. Rb7 Bg7 48. e7 Ra8 49. Nc7 Ra7 50. Rb8 Rxc7 51. e8=Q Rc3+ 52. Ke4 Rc1 53. Qb5 Re1+ 54. Kf3 Rh1 55. Kg2 Rc1 56. Rb6 Kh7 57. f5 b1=Q 58. fxg6+ Qxg6 59. Rxg6 Kxg6 60. Qd3+ Kf7 61. Qf5+ Kg8 62. Qd5+ Kh8 63. Qxh5+ Kg8 64. Qe8+ Kh7 65. Qe4+ Kh8 66. h4 Rc7 67. g4 Rc3 68. g5 Ra3 69. h5 Ra2+ 70. Kh3 Ra3+ 71. Kg4 Ra1 72. Qe8+ Kh7 73. Qg6+ Kg8 74. h6 Ra4+ 75. Kh5 Ra7 76. Qe8+ Kh7 77. g6# 1-0


[Site "https://www.chess.com"]

[Event "Titled Tuesday Blitz June 27 Late 2023"]
[White "Peycheva, Gergana"]
[Black "Rasulov, Vugar"]
[WhiteFideId "2916711"]
[BlackFideId "13402390"]
[WhiteElo "2531"]
[BlackElo "2926"]
[Result "0-1"]
[Round "3"]
[TimeControl "180+2"]
[Date "2023.06.27"]
[WhiteClock "0:00:00"]
[BlackClock "0:01:24"]
[Board "53"]

1. d4 b6 2. e4 Bb7 3. Bd3 e6 4. Nf3 Nf6 5. Qe2 d5 6. e5 Nfd7 7. O-O c5 8. c4 dxc4 9. Bxc4 Be7 10. Nc3 cxd4 11. Nxd4 O-O 12. Bf4 Nc6 13. Rfd1 Nxd4 14. Rxd4 Qc7 15. Rad1 Nc5 16. Nb5 Qc6 17. f3 a6 18. Nd6 b5 19. Bd3 Nxd3 20. Qxd3 Rad8 21. h3 Ba8 22. Kh2 Qb6 23. Be3 Qb8 24. Kh1 Bd5 25. Ne4 Qxe5 26. Nc3 Bc4 27. Qd2 Rxd4 28. Bxd4 Qf5 29. b3 Bd5 30. Nxd5 Qxd5 31. Qe2 Rd8 32. Rd2 Qf5 33. Be3 Rd5 34. Rc2 h5 35. Bg1 Kh7 36. Rc7 Bc5 37. Bxc5 Rxc5 38. Rxc5 Qxc5 39. Qe4+ Qf5 40. Qb7 a5 41. a4 bxa4 42. bxa4 Kg6 43. Qc7 f6 44. Qc4 Kh7 45. Qc6 Qe5 46. Kg1 f5 47. Kh1 h4 48. Qe8 Kh6 49. Kg1 Kg5 50. Kh1 Kf4 51. Qh5 g5 52. Qf7 Kg3 0-1


[Site "https://www.chess.com"]

[Event "Titled Tuesday Blitz June 27 Late 2023"]
[White "Tari, Aryan"]
[Black "Ismagilov, Damir"]
[WhiteFideId "1510045"]
[BlackFideId "34199982"]
[WhiteElo "2918"]
[BlackElo "2530"]
[Result "1-0"]
[Round "3"]
[TimeControl "180+2"]
[Date "2023.06.27"]
[WhiteClock "0:00:28"]
[BlackClock "0:00:05"]
[Board "54"]

1. Nf3 Nf6 2. c4 b6 3. Nc3 e6 4. g3 c5 5. Bg2 Bb7 6. O-O Be7 7. Re1 O-O 8. e4 d6 9. d4 cxd4 10. Nxd4 Qc8 11. Be3 Nc6 12. Rc1 Nxd4 13. Bxd4 Rd8 14. Qe2 Bc6 15. b4 e5 16. Nd5 Qb7 17. Bb2 Nxd5 18. exd5 Bd7 19. c5 bxc5 20. bxc5 Bb5 21. Qe3 Qa6 22. cxd6 Bxd6 23. Bxe5 Qxa2 24. Bxd6 Rxd6 25. Ra1 Qc4 26. Bf1 Qxd5 27. Bg2 Qe6 28. Bxa8 Qxe3 29. Rxe3 g6 30. Bg2 a6 31. Bf1 Bxf1 32. Kxf1 h5 33. Rea3 Rd2 34. Rxa6 Kg7 35. h4 Rd5 36. Ra7 Rf5 37. Kg2 Rf6 38. R1a3 Kg8 39. Rf3 Rxf3 40. Kxf3 Kg7 41. Kf4 g5+ 42. Kxg5 Kg8 43. Kf6 Kh7 1-0


[Site "https://www.chess.com"]

[Event "Titled Tuesday Blitz June 27 Late 2023"]
[White "Yanev, Tihomir"]
[Black "Durarbayli, Vasif"]
[WhiteFideId "2910110"]
[BlackFideId "13402935"]
[WhiteElo "2530"]
[BlackElo "2916"]
[Result "0-1"]
[Round "3"]
[TimeControl "180+2"]
[Date "2023.06.27"]
[WhiteClock "0:00:22"]
[BlackClock "0:01:15"]
[Board "55"]

1. b3 d5 2. Bb2 c5 3. e3 a6 4. f4 Nc6 5. Nf3 Bg4 6. Be2 Nf6 7. O-O e6 8. d3 Bd6 9. Nbd2 Qc7 10. Qe1 O-O-O 11. Qh4 h5 12. Rae1 Ne7 13. Qf2 Bxf3 14. Bxf3 Ng4 15. Qe2 Nf5 16. e4 Nd4 17. Qd1 Bxf4 0-1


[Site "https://www.chess.com"]

[Event "Titled Tuesday Blitz June 27 Late 2023"]
[White "Antipov, Mikhail Al."]
[Black "Krishnan, Varun"]
[WhiteFideId "4107012"]
[BlackFideId "5054508"]
[WhiteElo "2911"]
[BlackElo "2530"]
[Result "1/2-1/2"]
[Round "3"]
[TimeControl "180+2"]
[Date "2023.06.27"]
[WhiteClock "0:00:04"]
[BlackClock "0:00:04"]
[Board "56"]

1. e4 g6 2. d4 Bg7 3. Nf3 a6 4. Be3 d6 5. c4 c5 6. h3 cxd4 7. Nxd4 Nc6 8. Nc3 Nf6 9. Qd2 O-O 10. Be2 Bd7 11. O-O Rb8 12. a4 Nxd4 13. Bxd4 Bc6 14. f3 Nd7 15. b4 Bxd4+ 16. Qxd4 b6 17. f4 a5 18. b5 Ba8 19. Rae1 Qc7 20. f5 Qc5 21. Qxc5 Nxc5 22. f6 e6 23. Rd1 Rfd8 24. Rd4 Nb3 25. Rd3 Nc5 26. Re3 Rbc8 27. g4 e5 28. g5 Ne6 29. h4 Nf4 30. Rxf4 exf4 31. Rf3 Re8 32. Rxf4 Re5 33. Kf2 h6 34. gxh6 Kh7 35. Ke3 Kxh6 36. Kd4 g5 37. hxg5+ Kxg5 38. Rf2 Rce8 39. Bd3 R8e6 40. Rf1 Rxf6 41. Rg1+ Kh6 42. Rg8 Bb7 43. Rb8 Re7 44. Nd5 Bxd5 45. cxd5 Rf4 46. Rxb6 f5 47. Rxd6+ Kg7 48. Ke3 fxe4 49. Be2 Rh4 50. b6 Rh3+ 51. Kd4 Rb3 52. Bb5 e3 53. Re6 Rxe6 54. dxe6 Rxb5 55. e7 Kf7 56. axb5 e2 57. e8=Q+ Kxe8 58. b7 e1=Q 59. b8=Q+ Kd7 60. Qb7+ Kd6 61. Qc6+ Ke7 62. Qc7+ Ke8 63. Qc8+ Ke7 64. Qc7+ Ke8 65. b6 Qb4+ 66. Kd5 Qb5+ 67. Kd6 Qd3+ 68. Kc6 Qe4+ 69. Kb5 Qd3+ 70. Kxa5 Qa3+ 71. Kb5 Qd3+ 72. Kc6 Qe4+ 73. Kc5 Qe3+ 74. Kd5 Qd3+ 75. Ke6 Qe4+ 76. Qe5 Qc6+ 77. Qd6 Qe4+ 78. Kf6 Qf3+ 79. Kg5 Qg2+ 80. Kf5 Qf3+ 81. Qf4 Qxf4+ 82. Kxf4 Kd7 83. Ke5 Kc6 84. Ke6 Kxb6 1/2-1/2


[Site "https://www.chess.com"]

[Event "Titled Tuesday Blitz June 27 Late 2023"]
[White "Shapiro, Viktor"]
[Black "Muradli, Mahammad"]
[WhiteFideId "4175700"]
[BlackFideId "13409301"]
[WhiteElo "2528"]
[BlackElo "2904"]
[Result "0-1"]
[Round "3"]
[TimeControl "180+2"]
[Date "2023.06.27"]
[WhiteClock "0:00:38"]
[BlackClock "0:00:32"]
[Board "57"]

1. c4 c5 2. Nc3 Nc6 3. g3 g6 4. Bg2 b6 5. e3 Bg7 6. Nge2 Bb7 7. d4 Nf6 8. O-O O-O 9. b3 e6 10. d5 exd5 11. cxd5 Nb4 12. e4 Re8 13. a3 Na6 14. Qc2 d6 15. Bb2 Nc7 16. Rfe1 b5 17. Nf4 Nd7 18. Nd3 a5 19. b4 c4 20. Nf4 axb4 21. axb4 Rxa1 22. Rxa1 Ne5 23. Ra5 Qd7 24. h4 Ra8 25. Rxa8+ Bxa8 26. Qb1 Bb7 27. Qa1 Na6 28. Qa5 Nd3 29. Nxd3 cxd3 30. Bf1 d2 31. Be2 Qe8 32. f3 Qc8 33. Qa1 Qh3 34. Nxb5 Qxg3+ 35. Kf1 Bxb2 36. Qxb2 Qe1+ 0-1


[Site "https://www.chess.com"]

[Event "Titled Tuesday Blitz June 27 Late 2023"]
[White "Suleymanli, Aydin"]
[Black "Chor, Kevin"]
[WhiteFideId "13413937"]
[BlackFideId "2090740"]
[WhiteElo "2896"]
[BlackElo "2528"]
[Result "1-0"]
[Round "3"]
[TimeControl "180+2"]
[Date "2023.06.27"]
[WhiteClock "0:00:24"]
[BlackClock "0:00:00"]
[Board "58"]

1. e4 c5 2. Nf3 Nc6 3. Nc3 g6 4. h4 Nf6 5. Nd5 Bg7 6. Nxf6+ Bxf6 7. h5 d5 8. hxg6 hxg6 9. Rxh8+ Bxh8 10. d3 dxe4 11. dxe4 Qxd1+ 12. Kxd1 Bg4 13. c3 f5 14. exf5 O-O-O+ 15. Ke1 gxf5 16. Be3 b6 17. Bb5 Kc7 18. Ng5 Rg8 19. f3 Bh5 20. Rd1 Rg6 21. Kf2 e5 22. Rh1 f4 23. Bxf4 exf4 24. Rxh5 Bf6 25. Nh3 a6 26. Nxf4 Rg8 27. Nd5+ 1-0


[Site "https://www.chess.com"]

[Event "Titled Tuesday Blitz June 27 Late 2023"]
[White "Zhigalko, Sergei"]
[Black "Estrada Nieto, Julian"]
[WhiteFideId "13502956"]
[BlackFideId "5101018"]
[WhiteElo "2887"]
[BlackElo "2526"]
[Result "1-0"]
[Round "3"]
[TimeControl "180+2"]
[Date "2023.06.27"]
[WhiteClock "0:01:22"]
[BlackClock "0:00:05"]
[Board "59"]

1. e4 e5 2. Nf3 Nc6 3. Bc4 Bc5 4. b4 Bb6 5. a4 a6 6. Nc3 Nf6 7. Nd5 d6 8. Nxb6 cxb6 9. d3 h6 10. O-O O-O 11. h3 Nxb4 12. Rb1 Nc6 13. Be3 Be6 14. Bxe6 fxe6 15. Rxb6 d5 16. Rxb7 dxe4 17. dxe4 Nxe4 18. Qe2 Nd6 19. Rb6 Nd4 20. Bxd4 exd4 21. Qxe6+ Nf7 22. Rxa6 Rxa6 23. Qxa6 Qd7 24. Rd1 Qf5 25. Nxd4 Qd5 26. Qe6 Rd8 27. Qxd5 Rxd5 28. c3 Ne5 29. Ra1 Nc4 30. Nb3 Rd3 31. a5 Rxc3 32. Nd4 Rd3 33. Nf5 Kh7 34. a6 Nb6 35. a7 Rd8 36. Rb1 Na8 37. Rb8 Rd1+ 38. Kh2 Nc7 39. Rc8 1-0


[Site "https://www.chess.com"]

[Event "Titled Tuesday Blitz June 27 Late 2023"]
[White "Bruedigam, Martin"]
[Black "Henriquez Villagra, Cristobal"]
[WhiteFideId "24608033"]
[BlackFideId "3409350"]
[WhiteElo "2526"]
[BlackElo "2878"]
[Result "1-0"]
[Round "3"]
[TimeControl "180+2"]
[Date "2023.06.27"]
[WhiteClock "0:00:06"]
[BlackClock "0:00:10"]
[Board "60"]

1. d4 d6 2. e4 Nf6 3. Nc3 e5 4. dxe5 dxe5 5. Qxd8+ Kxd8 6. Bc4 Ke8 7. f3 c6 8. Be3 Nbd7 9. Nh3 Nb6 10. Bb3 h6 11. Nf2 Nfd7 12. Nd3 Bd6 13. Nb1 Nf8 14. Nd2 Bc7 15. a4 a5 16. Kf2 f6 17. h4 h5 18. Rhd1 Ne6 19. c3 Ke7 20. Nc5 Nxc5 21. Bxc5+ Ke8 22. Nc4 Nxc4 23. Bxc4 b6 24. Bd6 Ra7 25. g3 Bxd6 26. Rxd6 Rc7 27. f4 Ke7 28. Rad1 Bg4 29. R1d2 Rd7 30. Rxd7+ Bxd7 31. Ke3 g6 32. b4 Ra8 33. fxe5 fxe5 34. b5 Rc8 35. Kd3 cxb5 36. axb5 Rc5 37. Rb2 a4 38. Rb4 a3 39. Ra4 a2 40. Rxa2 Rxc4 41. Ra7 Ra4 42. Rb7 Ra5 43. c4 Ra3+ 44. Kd2 Rxg3 45. Rxb6 g5 46. hxg5 Rxg5 47. c5 h4 48. c6 Be6 49. c7 Rg8 50. Rb8 Bc8 51. b6 h3 52. b7 Kd7 53. Rxc8 Rxc8 54. b8=Q h2 55. Qb5+ Kd6 56. Qd5+ 1-0


[Site "https://www.chess.com"]

[Event "Titled Tuesday Blitz June 27 Late 2023"]
[White "Hansen, Eric"]
[Black "Liu, Casper"]
[WhiteFideId "2606771"]
[BlackFideId "1454153"]
[WhiteElo "2871"]
[BlackElo "2524"]
[Result "1-0"]
[Round "3"]
[TimeControl "180+2"]
[Date "2023.06.27"]
[WhiteClock "0:02:47"]
[BlackClock "0:02:47"]
[Board "61"]

1. d4 d5 2. c4 dxc4 3. e3 Nc6 4. Bxc4 e5 5. Nf3 Bb4+ 6. Nc3 exd4 7. exd4 Nf6 8. d5 Ne7 9. Qa4+ c6 10. Qxb4 cxd5 11. Bb5+ Nc6 12. O-O 1-0


[Site "https://www.chess.com"]

[Event "Titled Tuesday Blitz June 27 Late 2023"]
[White "Perske, Thore"]
[Black "Miladinovic, Igor"]
[WhiteFideId "12902195"]
[BlackFideId "4203380"]
[WhiteElo "2524"]
[BlackElo "2863"]
[Result "0-1"]
[Round "3"]
[TimeControl "180+2"]
[Date "2023.06.27"]
[WhiteClock "0:00:01"]
[BlackClock "0:01:06"]
[Board "62"]

1. e4 c6 2. d4 d5 3. e5 Bf5 4. Nf3 e6 5. Be2 h6 6. O-O Ne7 7. Nbd2 Bg6 8. c3 Nf5 9. a4 Be7 10. a5 O-O 11. b4 Nd7 12. Nb3 Qc7 13. g4 Nh4 14. Nxh4 Bxh4 15. f4 Be4 16. Bf3 Bxf3 17. Rxf3 f6 18. Be3 b6 19. Kg2 fxe5 20. fxe5 Rxf3 21. Qxf3 Rf8 22. Qe2 c5 23. axb6 axb6 24. bxc5 bxc5 25. Rf1 Rb8 26. Nd2 cxd4 27. cxd4 Qc2 28. Qa6 Qg6 29. Kh3 Bg5 30. Bxg5 hxg5 31. Nf3 Rb2 32. Qc8+ Nf8 33. Qc1 Rb3 34. Kg2 Qe4 35. Qxg5 Ng6 36. Kg3 Qd3 37. h4 Qxf1 38. Qd8+ Nf8 0-1


[Site "https://www.chess.com"]

[Event "Titled Tuesday Blitz June 27 Late 2023"]
[White "Harshavardhan G B"]
[Black "Tissir, Mohamed"]
[WhiteFideId "25059009"]
[BlackFideId "9000240"]
[WhiteElo "2804"]
[BlackElo "2513"]
[Result "1-0"]
[Round "3"]
[TimeControl "180+2"]
[Date "2023.06.27"]
[WhiteClock "0:01:56"]
[BlackClock "0:01:04"]
[Board "63"]

1. d4 Nf6 2. c4 g6 3. Nc3 Bg7 4. e4 d6 5. Nf3 O-O 6. Be2 e5 7. d5 a5 8. Bg5 Na6 9. Nd2 Nc5 10. g4 h6 11. Be3 Ne8 12. h4 c6 13. f3 cxd5 14. cxd5 Bd7 15. h5 g5 16. a4 Rc8 17. Nc4 Bf6 18. O-O Be7 19. Nb5 Bxb5 20. axb5 b6 21. Bd2 Nf6 22. b4 axb4 23. Bxb4 Nfd7 24. Qc2 Ra8 25. Ra2 Rxa2 26. Qxa2 Qa8 27. Ra1 Qb7 28. Qa7 Rb8 29. Ne3 Nb3 30. Qxb7 Rxb7 31. Ra8+ Kg7 32. Nf5+ Kf6 33. Nxh6 Nd4 34. Kf2 Rc7 35. Bd3 Bf8 36. Nf5 Rc1 37. Nxd6 Nc5 38. Bxc5 bxc5 39. Rxf8 Rc3 40. Rxf7# 1-0


[Site "https://www.chess.com"]